 Dungeon Crawl Stone Soup version 0.26.1-11-gd32895ea62 (webtiles) character file.

Game seed: 3154128659935097879

200 Silvore the Slasher (level 5, -3/39 HPs)
             Began as a Demonspawn Gladiator on June 29, 2021.
             Killed from afar by an orc wizard (5 damage)
             ... with a magic dart
             ... on level 3 of the Dungeon.
             The game lasted 00:04:00 (2992 turns).

Silvore the Slasher (Demonspawn Gladiator)          Turns: 2992, Time: 00:04:01

Health: -3/39      AC:  3    Str: 15    XL:     5   Next: 49%
Magic:  5/5        EV: 13    Int: 10    God:
Gold:   151        SH:  0    Dex: 14    Spells: 4/4 levels left

rFire    + . .     SeeInvis .   a - +0 long sword
rCold    x . .     Faith    .   (no shield)
rNeg     . . .     Spirit   .   b - +0 leather armour
rPois    .         Reflect  .   (helmet restricted)
rElec    .         Harm     .   m - scarf {+Inv}
rCorr    .         Rampage  .   (no gloves)
Will     .....                  (no boots)
Stlth    +.........             (no amulet)
HPRegen  0.13/turn              h - ring of fire
MPRegen  0.09/turn              (no ring)

@: no status effects
A: horns 1, spiny 1
a: Evoke Invisibility


You were on level 3 of the Dungeon.
You visited 1 branch of the dungeon, and saw 3 of its levels.

You collected 151 gold pieces.

Inventory:

Hand Weapons
 a - a +0 long sword (weapon)
Missiles
 d - 3 throwing nets (quivered)
Armour
 b - a +0 leather armour (worn)
 c - a +0 helmet
 m - a scarf of invisibility (worn)
Jewellery
 h - a ring of fire (left hand)
Scrolls
 e - 2 scrolls of identify
 g - 2 scrolls of remove curse
 l - a scroll of amnesia
Potions
 f - a potion of lignification
 i - 2 potions of curing {unknown}
 j - a potion of resistance {unknown}
 k - a potion of attraction {unknown}
 n - a potion of ambrosia {unknown}
 o - a potion of magic {unknown}
 p - a potion of mutation {unknown}
 q - a potion of haste {unknown}


   Skills:
 + Level 2.7 Fighting
 + Level 4.1 Long Blades
 + Level 2.0 Throwing
 + Level 1.7 Armour
 + Level 3.4 Dodging
 + Level 1.1 Stealth


You had 4 spell levels left.
You didn't know any spells.
Your spell library was empty.

Dungeon Overview and Level Annotations

Branches:
Dungeon (3/15)

Altars:
Makhleb

Annotations:
D:3 Grinder


Innate Abilities, Weirdness & Mutations

You have a pair of small horns on your head.
You are partially covered in sharp spines.


Message History

The orc wizard gestures wildly while chanting.
The orc wizard blinks!
The orc wizard mumbles some strange words.
The orc wizard blinks!
Grinder hits you.
* * * LOW HITPOINT WARNING * * *
You writhe in agony.
* * * LOW HITPOINT WARNING * * *
Grinder blinks!
You see here a leopard gecko corpse.
The orc wizard points at you and mumbles some strange words.
You resist with some effort.
The orc wizard gestures at you while chanting.
The magic dart hits you.
* * * LOW HITPOINT WARNING * * *
The orc wizard hits you but does no damage.
Grinder blinks!
You feel yourself speed up. The orc wizard casts a spell at you.
The magic dart hits you.
You die...

##########.....# #.# #)#####
#..........###.###.###.....#
#..........#.#.##..........#
###..........#.#.##..........#
....(........#...##..........#
###.......).##.####..).....###
#.......[.##.####......### ###
#.........##.........(.# #..
#.........##.o@...<....######..
#.........†.#.........>...##∩_.
######......#################..
#......# #... #......# ####
#......# #......# #......#
########


You could see an orc wizard (fast).

Vanquished Creatures
  A hound (D:3)
  9 adders
  A gnoll (D:1)
  3 worms
  5 dart slugs
  2 leopard geckos
  7 bats
  5 giant cockroaches
  10 goblins
  6 hobgoblins
  3 kobolds (D:2)
  3 ball pythons
  A frilled lizard (D:2)
  7 rats
63 creatures vanquished.

Vanquished Creatures (others)
  A plant (D:2)
1 creature vanquished.

Grand Total: 64 creatures vanquished

Notes
Turn   | Place    | Note
-------+----------+-------------------------------------------
     0 | D:1      | Silvore the Demonspawn Gladiator began the quest for the
                  | Orb.
     0 | D:1      | Reached XP level 1. HP: 16/16 MP: 1/1
     2 | D:1      | Noticed an electric eel
   208 | D:1      | Gained mutation: You are partially covered in sharp spines.
                  | [demonic ancestry]
   208 | D:1      | Reached XP level 2. HP: 13/22 MP: 2/2
   559 | D:1      | Reached skill level 3 in Long Blades
   715 | D:1      | Gained mutation: You have a pair of small horns on your
                  | head. [demonic ancestry]
   715 | D:1      | Reached XP level 3. HP: 25/27 MP: 3/3
  1471 | D:2      | Reached XP level 4. HP: 34/34 MP: 4/4
  1479 | D:2      | Reached skill level 1 in Armour
  1880 | D:2      | Found a faded altar of an unknown god.
  2290 | D:3      | Reached XP level 5. HP: 38/39 MP: 5/5
  2695 | D:3      | Found a burning altar of Makhleb.
  2702 | D:3      | Reached skill level 4 in Long Blades
  2926 | D:3      | Reached skill level 1 in Stealth
  2959 | D:3      | Noticed Grinder
  2962 | D:3      | Paralysed by Grinder for 4 turns
  2989 | D:3      | HP: 1/39 [orc wizard/magic dart (3)]
  2992 | D:3      | Killed from afar by an orc wizard

Illustrated notes

Levels and vault maps discovered:
D:1:      arrival_aquarium_a, layout_loops_ring
D:2:      layout_basic, chequers_ecumenical_altar_lobes, minmay_heptomino_l4
D:3:      layout_basic, grunt_temple_overflow_holy_war,
          makhleb_heckhound_becter, uniq_grinder

Skill      XL: |  1  2  3  4  5 |
---------------+----------------+-----
Dodging        | 3 |  3.4
Long Blades    | 3 4 |  4.1
Throwing       | 2 |  2.0
Armour         | 1 |  1.7
Stealth        | 1 |  1.1
Fighting       | |  2.7

Action                   |  1- 3 |  4- 6 || total
-------------------------+-------+-------++-------
Melee: Long sword        |    69 |    53 ||   122
       Headbutt          |     7 |     9 ||    16
  Use: Scroll            |     3 |     3 ||     6
 Stab: Sleeping          |     1 |     2 ||     3
Armor: Leather armour    |    15 |     7 ||    22
Dodge: Dodged            |    54 |    26 ||    80
       Rpst.: Long sword |    18 |     8 ||    26
